 Dungeon Crawl Stone Soup version 0.20.1-1-g8b1a95d (webtiles) character file.

24624 Sayu92 the Bludgeoner (level 13, 0/86 HPs)
             Began as a Gargoyle Fighter on Dec 21, 2017.
             Was the Champion of Okawaru.
             Slain by a molten gargoyle
             ... wielding a +0 mace
              (3 damage)
             ... on level 4 of the Lair of Beasts.
             The game lasted 01:09:45 (15307 turns).

Sayu92 the Bludgeoner (Gargoyle Fighter)           Turns: 15307, Time: 01:09:45

Health: 0/86       AC: 33    Str: 28    XL:     13   Next: 14%
Magic:  0/14       EV: 13    Int:  9    God:    Okawaru [******]
Gold:   938        SH:  0    Dex:  9    Spells: 12/12 levels left

rFire    + + .     SeeInvis .   I - +3 dire flail "Xuqopn" {freeze, rElec rF++ MR- Str+3}
rCold    . . .     Gourm    .   (shield currently unavailable)
rNeg     + . .     Faith    .   L - +1 plate armour
rPois    ∞         Spirit   +   c - +2 helmet of the Vanishing Planets {Slay+3}
rElec    +         Reflect  .   (no cloak)
rCorr    .         Harm     .   E - +0 pair of gloves
MR       .....                  (no boots)
Stlth    ..........             F - amulet of guardian spirit
Regen    0.3/turn               U - +3 ring of evasion
MPRegen  0.2/turn               C - ring of protection from magic

@: about to teleport, heroism
A: negative energy resistance 1, electricity resistance, unbreathing,
petrification resistance, rot immunity, AC +9
a: Heroism, Finesse, Renounce Religion


You were on level 4 of the Lair of Beasts.
You worshipped Okawaru.
Okawaru was exalted by your worship.
You were not hungry.

You visited 3 branches of the dungeon, and saw 17 of its levels.

You collected 938 gold pieces.

Inventory:

Hand Weapons
 I - the +3 dire flail "Xuqopn" (weapon) {freeze, rElec rF++ MR- Str+3}
   (Okawaru gifted it to you on level 12 of the Dungeon)

   It has been specially enchanted to freeze those struck by it, causing extra
   injury to most foes and up to half again as much damage against particularly
   susceptible opponents.
   It can also slow down cold-blooded creatures.
   It affects your strength (+3).
   It greatly protects you from fire.
   It insulates you from electricity.
   It affects your resistance to hostile enchantments.
 S - a +2 flail of draining
Missiles
 N - 9 tomahawks (quivered)
Armour
 c - the +2 helmet of the Vanishing Planets (worn) {Slay+3}
   (You acquired it on level 3 of the Lair of Beasts)

   It affects your accuracy and damage with ranged weapons and melee attacks
   (+3).
 E - a +0 pair of gloves (worn)
 L - a +1 plate armour (worn)
Jewellery
 C - a ring of protection from magic (right hand)
 F - an amulet of guardian spirit (around neck)
 U - a +3 ring of evasion (left hand)
Wands
 b - a wand of disintegration (7/24)
 u - a wand of clouds (4/9)
 w - a wand of flame (29/48)
 y - a wand of polymorph (9/24)
 B - a wand of flame (17/48)
 H - a wand of acid (6/15)
 J - a wand of flame (16/48)
 K - a wand of scattershot (6/9)
 P - a wand of lightning (1/15)
 Q - a wand of clouds (4/9)
 V - a wand of digging (15/24)
 X - a wand of random effects (21/48)
Scrolls
 d - 3 scrolls of fear
 e - a scroll of identify
 g - 2 scrolls of amnesia
 j - 5 scrolls of teleportation
 k - 4 scrolls of immolation
 m - 2 scrolls of magic mapping
 r - a scroll of fog
 t - 3 scrolls of remove curse
 O - a scroll of summoning
 W - 2 scrolls of recharging
Potions
 i - a potion of magic
 l - 3 potions of degeneration
 n - 2 potions of flight
 o - 4 potions of curing
 p - a potion of haste {unknown}
 q - 3 potions of heal wounds
 s - 3 potions of lignification
 z - a potion of resistance
 G - 2 potions of agility
 M - a potion of mutation {unknown}
 T - a potion of invisibility {unknown}
 Y - 3 potions of ambrosia
 Z - a potion of brilliance
Books
 v - a book of Debilitation

   Spells                             Type                      Level
   a - Corona                         Hexes                        1
   b - Slow                           Hexes                        2
   c - Inner Flame                    Hexes/Fire                   3
   d - Portal Projectile              Hexes/Translocation          3
   e - Cause Fear                     Hexes                        4
   f - Leda's Liquefaction            Hexes/Earth                  4
 D - a book of Geomancy

   Spells                             Type                      Level
   a - Sandblast                      Earth                        1
   b - Passwall                       Transmutation/Earth          2
   c - Stone Arrow                    Conjuration/Earth            3
   d - Petrify                        Transmutation/Earth          4
   e - Lee's Rapid Deconstruction     Earth                        5
Miscellaneous
 a - a lightning rod (4/4)
Comestibles
 f - 11 bread rations
 h - a meat ration
 x - 6 royal jellies
 A - 3 fruits


   Skills:
 + Level 12.2(17.2) Fighting
 + Level 15.0(20.0) Maces & Flails
 - Level 11.8(16.8) Armour
 - Level 0.5(5.5) Dodging
 - Level 0.2(5.2) Stealth
   Level 3.3(8.3) Shields
 * Level 1.9 Invocations


You had 12 spell levels left.
You didn't know any spells.

Dungeon Overview and Level Annotations

Branches:
Dungeon (12/15)            Temple (1/1) D:6            Lair (4/6) D:10
    Orc (0/2) D:11
  Swamp: Lair:2-4    Shoals: Lair:2-4     Snake: Lair:2-4    Spider: Lair:2-4

Altars:
Ashenzari
Cheibriados
Dithmenos
Elyvilon
Fedhas
Gozag
Hepliaklqana
Kikubaaqudgha
Makhleb
Nemelex Xobeh
Okawaru
Qazlal
Ru
Sif Muna
Trog
Uskayaw
Vehumet
Xom
Yredelemnul
Zin
The Shining One

Annotations:
D:8 1 runed door


Innate Abilities, Weirdness & Mutations

You are resistant to torment.
Your stone body is resilient. (AC +9)
You are immune to poison.
You resist negative energy. (rN+)
You are resistant to electric shocks. (rElec)
You can survive without breathing.
You are immune to petrification.
You are immune to rotting.


Message History

The molten gargoyle blasts magma at you!
The bolt of magma hits you! You partially resist.
You puncture the molten gargoyle! You freeze the molten gargoyle.
The molten gargoyle is moderately damaged.
The molten gargoyle blasts magma at you!
The bolt of magma hits you! You partially resist.
* * * LOW HITPOINT WARNING * * *
You hit the molten gargoyle but do no damage.
The molten gargoyle is moderately damaged.
You hit the molten gargoyle. You freeze the molten gargoyle.
The molten gargoyle is moderately damaged.
The molten gargoyle blasts magma at you!
The bolt of magma hits you! You partially resist.
* * * LOW HITPOINT WARNING * * *
As you read the scroll of teleportation, it crumbles to dust.
You feel strangely unstable.
The molten gargoyle hits you with a mace.
* * * LOW HITPOINT WARNING * * *
You are engulfed in flames.
You resist.
You die...

###.##.#
#......########
###.....##S§≈§≈§##
#P....†.##S§§§≈≈≈####
##........§§§§S§≈§§≈≈#
#...............§§≈§§≈
.........####...§##§§≈
........9#######.#
........@..### #.#
.............### ..#
...............# .≈#
#...............# ≈§§
.#......<......## .≈≈
##..........###
#.#.......###
#######.### ###


You could see a molten gargoyle.

Vanquished Creatures
  The ghost of Tiamon the Cleaver, a journeyman HOFi of Beogh (Lair:2)
  Josephine (D:11)
  Fannar (D:11)
  3 hydras
  A two-headed ogre (D:12)
  The ghost of Zeloya the Cruncher, a journeyman KoAE of Dithmenos (D:9)
  Urug (D:10)
  4 slime creatures
  6 elephants (Lair:2)
  A centaur zombie (D:10)
  3 spiny frogs
  A centaur skeleton (D:11)
  A troll (D:9)
  The ghost of Ymberto the Magician, a novice DEWz of Vehumet (D:6)
  A polar bear (Lair:3)
  6 hippogriffs
  4 wraiths
  Eustachio (D:6)
  23 yaks
  A basilisk (Lair:1)
  A hungry ghost (D:10)
  Menkaure (D:7)
  5 water moccasins
  A porcupine (Lair:3)
  A black bear (D:7)
  2 sky beasts (D:9)
  5 orc warriors
  A phantom (D:6)
  An eye of draining (D:10)
  5 necrophages
  5 ogres
  14 centaurs
  9 wolves
  4 crocodiles
  8 bullfrogs
  9 scorpions
  5 killer bees (D:7)
  6 wights (D:8)
  3 electric eels (Lair:2)
  4 howler monkeys
  3 crimson imps
  7 jellies
  2 quasits
  A bullfrog zombie (D:8)
  6 orc priests
  9 hounds
  5 iguanas
  7 orc wizards
  9 worker ants
  A killer bee zombie (D:6)
  A hound zombie (D:7)
  A hound skeleton (D:7)
  2 worker ant zombies
  10 gnolls
  A howler monkey skeleton (D:5)
  8 adders
  3 shadow imps
  9 oozes
  2 adder zombies
  An adder skeleton (D:8)
  2 worms
  A dart slug (D:2)
  5 leopard geckos
  32 orcs
  A ball python (D:3)
  8 giant cockroaches
  2 goblins
  9 hobgoblins
  12 jackals
  6 quokkas
  5 bats
  4 frilled lizards
  15 kobolds
  A quokka skeleton (D:6)
  7 rats
  3 plants (Lair:2)
353 creatures vanquished.

Vanquished Creatures (others)
  4 fungi
  9 toadstools (D:4)
13 creatures vanquished.

Grand Total: 366 creatures vanquished

Notes
Turn   | Place    | Note
-------+----------+-------------------------------------------
     0 | D:1      | Sayu92 the Gargoyle Fighter began the quest for the Orb.
     0 | D:1      | Reached XP level 1. HP: 14/14 MP: 1/1
   234 | D:1      | Reached XP level 2. HP: 18/19 MP: 2/2
   735 | D:2      | Reached XP level 3. HP: 20/23 MP: 3/3
  1175 | D:2      | Reached skill level 3 in Maces & Flails
  1175 | D:2      | Reached XP level 4. HP: 29/29 MP: 0/4
  1205 | D:2      | Found a shimmering altar of Xom.
  1404 | D:2      | Reached XP level 5. HP: 9/33 MP: 5/5
  1486 | D:2      | Reached skill level 4 in Maces & Flails
  2326 | D:3      | Reached XP level 6. HP: 39/39 MP: 6/6
  2433 | D:3      | Found a snail-covered altar of Cheibriados.
  2602 | D:4      | Reached skill level 5 in Maces & Flails
  2923 | D:3      | Reached XP level 7. HP: 22/44 MP: 7/7
  3286 | D:5      | Entered Level 5 of the Dungeon
  3434 | D:5      | Reached skill level 5 in Fighting
  3469 | D:5      | Found a sacrificial altar of Ru.
  3884 | D:4      | Reached skill level 6 in Maces & Flails
  3909 | D:4      | Reached skill level 5 in Armour
  4364 | D:5      | Found a radiant altar of Vehumet.
  4721 | D:5      | Found a glowing golden altar of the Shining One.
  4860 | D:6      | Noticed Eustachio
  4896 | D:5      | Reached XP level 8. HP: 7/50 MP: 8/8
  5223 | D:6      | Killed Eustachio
  5223 | D:6      | Reached skill level 7 in Maces & Flails
  5238 | D:6      | Found a shadowy altar of Dithmenos.
  5312 | D:6      | Found a staircase to the Ecumenical Temple.
  5400 | D:6      | Noticed Ymberto's ghost (novice DEWz)
  5457 | D:6      | Killed Ymberto's ghost
  5527 | D:6      | Got a brightly glowing hand axe
  5528 | D:6      | Identified the cursed +1 hand axe "Ojin" {freeze, Str-5 Int+4 Stlth+} (You found it on level 6 of the Dungeon)
  5713 | D:6      | Reached skill level 8 in Maces & Flails
  6248 | D:6      | Reached XP level 9. HP: 22/56 MP: 4/9
  6793 | D:7      | Reached skill level 9 in Maces & Flails
  7065 | D:7      | Noticed Menkaure
  7076 | D:7      | Killed Menkaure
  7519 | D:7      | Reached skill level 10 in Maces & Flails
  7603 | D:8      | Reached XP level 10. HP: 58/64 MP: 10/10
  7893 | D:8      | Found a runed door.
  7895 | D:8      | Noticed a sixfirhy
  8351 | D:9      | Noticed Zeloya's ghost (journeyman KoAE)
  8547 | Temple   | Entered the Ecumenical Temple
  8609 | Temple   | Became a worshipper of Warmaster Okawaru
  8718 | D:9      | Noticed a dagger
  8718 | D:9      | Noticed a hand axe
  8729 | D:9      | Found a hide-covered altar of Uskayaw.
  8767 | D:9      | Reached skill level 11 in Maces & Flails
  9112 | D:9      | Reached * piety under Okawaru
  9189 | D:9      | Found a sacrificial altar of Ru.
  9281 | D:9      | Killed Zeloya's ghost
  9281 | D:9      | Reached ** piety under Okawaru
  9302 | D:9      | Reached XP level 11. HP: 60/71 MP: 11/11
  9393 | D:9      | Found a white marble altar of Elyvilon.
  9393 | D:9      | Found a deep blue altar of Sif Muna.
  9397 | D:9      | Found a sparkling altar of Nemelex Xobeh.
  9399 | D:9      | Found a hazy altar of Hepliaklqana.
  9400 | D:9      | Found a blossoming altar of Fedhas.
  9491 | D:10     | Entered Level 10 of the Dungeon
  9680 | D:10     | Noticed Urug
  9702 | D:10     | Killed Urug
  9702 | D:10     | Reached skill level 12 in Maces & Flails
  9874 | D:10     | Reached *** piety under Okawaru
  9963 | D:10     | Found a bloodstained altar of Trog.
  9991 | D:10     | Found a staircase to the Lair.
 10048 | D:10     | Reached skill level 10 in Fighting
 10206 | D:11     | Noticed Fannar
 10248 | D:11     | Killed Fannar
 10578 | D:11     | Found a staircase to the Orcish Mines.
 10592 | D:11     | Noticed Josephine
 10600 | D:11     | Noticed a five-headed hydra
 10843 | D:11     | Killed a five-headed hydra
 10843 | D:11     | Reached **** piety under Okawaru
 11156 | D:11     | Killed Josephine
 11156 | D:11     | Reached skill level 10 in Armour
 11609 | D:11     | You fall through a shaft!
 11641 | D:11     | Reached skill level 13 in Maces & Flails
 11700 | D:11     | Reached ***** piety under Okawaru
 12180 | D:12     | Reached XP level 12. HP: 72/79 MP: 12/12
 12622 | D:12     | Noticed a two-headed ogre
 12633 | D:12     | Killed a two-headed ogre
 12667 | D:12     | Received a gift from Okawaru
 12670 | D:12     | Got a steaming dire flail {god gift}
 12676 | D:12     | Identified the +3 dire flail "Xuqopn" {freeze, rElec rF++ MR- Str+3} (Okawaru gifted it to you on level 12 of the Dungeon)
 12967 | Lair:1   | Entered Level 1 of the Lair of Beasts
 13013 | Lair:1   | Found an opulent altar of Gozag.
 13453 | Lair:1   | Noticed a seven-headed hydra
 13463 | Lair:1   | Killed a seven-headed hydra
 13463 | Lair:1   | Reached skill level 14 in Maces & Flails
 13905 | Lair:2   | Received a gift from Okawaru
 13931 | Lair:2   | Reached ****** piety under Okawaru
 13945 | Lair:2   | Got a polished quarterstaff {god gift}
 13946 | Lair:2   | Identified the +4 quarterstaff of Puer {venom, rElec Str-4 Int+5} (Okawaru gifted it to you on level 2 of the Lair of Beasts)
 13984 | Lair:2   | Noticed Tiamon's ghost (journeyman HOFi)
 14023 | Lair:2   | Killed Tiamon's ghost
 14043 | Lair:2   | Reached XP level 13. HP: 62/86 MP: 10/13
 14843 | Lair:3   | Reached skill level 15 in Maces & Flails
 15227 | Lair:3   | Identified a scroll of acquirement
 15230 | Lair:3   | Got a transparent helmet
 15241 | Lair:3   | Identified the +2 helmet of the Vanishing Planets {Slay+3} (You acquired it on level 3 of the Lair of Beasts)
 15270 | Lair:4   | Reached skill level 1 in Invocations
 15307 | Lair:4   | HP: 3/86 [molten gargoyle/mace (4)]
 15307 | Lair:4   | Slain by a molten gargoyle

Skill      XL: |  1  2  3  4  5  6  7  8  9 10 11 12 13 |
---------------+----------------------------------------+-----
Maces & Flails | 3 4 5 6 8 10 11 13 14 15 | 15.0
Armour         | 4 5 6 7 9 10 11 | 11.8
Fighting       | 4 5 6 8 9 10 12 | 12.2
Invocations    | 1 |  1.9
Dodging        | |  0.5
Stealth        | |  0.2
Shields        | |  3.3

Action                   |  1- 3 |  4- 6 |  7- 9 | 10-12 | 13-15 || total
-------------------------+-------+-------+-------+-------+-------++-------
Melee: Flail             |   100 |   261 |   530 |   656 |       ||  1547
       Staff             |       |     4 |       |       |       ||     4
       Hand axe          |       |       |    75 |       |       ||    75
       Mace              |       |       |       |    21 |       ||    21
       Dire flail        |       |       |       |   220 |    60 ||   280
       Unarmed           |       |       |       |     9 |       ||     9
Throw: Tomahawk          |       |       |       |    24 |     1 ||    25
Invok: Heroism           |       |       |       |     7 |     1 ||     8
  Use: Scroll            |       |     1 |     9 |    10 |     2 ||    22
       Potion            |       |       |     4 |     1 |       ||     5
 Stab: Invisible         |     1 |     1 |       |       |       ||     2
       Paralysed         |       |       |     2 |       |       ||     2
  Eat: Chunk             |       |     7 |    15 |    17 |     4 ||    43
       Fruit             |       |       |     1 |     2 |       ||     3
       Meat ration       |       |       |       |     1 |       ||     1
Armor: Scale mail        |    54 |   203 |   239 |       |       ||   496
       Chain mail        |       |       |   107 |       |       ||   107
       Plate armour      |       |       |   188 |   662 |    37 ||   887
Dodge: Dodged            |    29 |   100 |   160 |   251 |    33 ||   573
Block: Shield            |    49 |   176 |   331 |   343 |       ||   899
